 Dungeon Crawl Stone Soup version 0.21-a0-401-g0b6bec4 (webtiles) character file.

401 Mitsuki the Shield-Bearer (level 6, -1/57 HPs)
             Began as a Deep Dwarf Fighter on Oct 25, 2017.
             Killed from afar by lupus83's ghost (6 damage)
             ... with a stone arrow
             ... on level 5 of the Dungeon.
             The game lasted 00:08:27 (3204 turns).

Mitsuki the Shield-Bearer (Deep Dwarf Fighter)      Turns: 3204, Time: 00:08:28

Health: -1/57      AC: 16    Str: 22    XL:     6   Next: 54%
Magic:  6/6        EV:  4    Int:  8    God:
Gold:   232        SH:  7    Dex: 12    Spells: 5/5 levels left

rFire    . . .     SeeInvis .   a - +0 flail
rCold    . . .     Gourm    .   c - +0 shield
rNeg     . . .     Faith    .   x - +0 chain mail
rPois    .         Spirit   .   m - +0 hat
rElec    .         Reflect  .   t - +2 cloak
rCorr    .         Harm     .   q - +0 pair of gloves
MR       .....                  (no boots)
Stlth    ..........             (no amulet)
HPRegen  0.00/turn              w - +2 ring of protection
MPRegen  0.10/turn              l - +2 ring of protection

@: non-regenerating, very heavily drained
A: damage resistance, heal wounds, sense surroundings 1, no regeneration
a: Heal Wounds


You were on level 5 of the Dungeon.
You were not hungry.

You visited 1 branch of the dungeon, and saw 5 of its levels.

You collected 232 gold pieces.

Inventory:

Hand Weapons
 a - a +0 flail (weapon)
Missiles
 B - 6 curare-tipped needles
 C - a throwing net (quivered)
Armour
 c - a +0 shield (worn)
 m - a +0 hat (worn)
 q - a +0 pair of gloves (worn)
 t - a +2 cloak (worn)
 x - a +0 chain mail (worn)
 G - the +2 robe "Gudubyupo" {Int+4}
   (You found it on level 4 of the Dungeon)

   It affects your intelligence (+4).
Jewellery
 l - a +2 ring of protection (right hand)
 o - an uncursed ring of protection from magic
 w - a +2 ring of protection (left hand)
 E - an uncursed ring of protection from cold
 F - an uncursed ring of ice
Scrolls
 b - a scroll of fog {unknown}
 h - 4 scrolls of remove curse
 j - 4 scrolls of enchant armour {unknown}
 n - 3 scrolls of enchant weapon {unknown}
 p - a scroll of magic mapping {unknown}
 v - 4 scrolls of identify {unknown}
 y - a scroll of teleportation {unknown}
 D - a scroll of recharging {unknown}
 J - a scroll of amnesia {unknown}
Potions
 d - a potion of might
 e - a potion of magic {unknown}
 g - a potion of haste {unknown}
 i - 2 potions of heal wounds {unknown}
 k - a potion of brilliance {unknown}
 s - a potion of lignification {unknown}
 u - 3 potions of curing {unknown}
 z - a potion of resistance {unknown}
 A - 3 potions of degeneration {unknown}
 I - a potion of ambrosia {unknown}
Comestibles
 f - 3 bread rations
 r - 2 royal jellies
 H - 7 chunks of flesh
 K - a meat ration


   Skills:
 + Level 4.0(0.0) Fighting
 + Level 3.9(0.0) Maces & Flails
 + Level 4.9(0.0) Armour
 + Level 5.0(0.0) Shields


You had 5 spell levels left.
You didn't know any spells.

Dungeon Overview and Level Annotations

Branches:
Dungeon (5/15)
 Temple: D:4-7

Altars:
Makhleb

Shops:
D:4 *

Annotations:
D:5 lupus83's ghost, novice GrEE


Innate Abilities, Weirdness & Mutations

You are resistant to damage.
You can heal yourself by infusing magical energy.
You passively map a small area around you.
You do not regenerate.


Message History

A hound comes into view.
The hound barks!
You hit lupus83's ghost.
Lupus83's ghost is severely damaged.
Lupus83's ghost hits you but does no damage.
You feel drained.
You take 2 damage, and have 7/57 hp.
You miss lupus83's ghost.
Lupus83's ghost is severely damaged.
Lupus83's ghost barely misses you.
Lupus83's ghost gestures at you while chanting.
The stone arrow hits you!
* * * LOW HITPOINT WARNING * * *
Your chain mail prevents you from hitting lupus83's ghost.
Lupus83's ghost is severely damaged.
The hound bites you.
* * * LOW HITPOINT WARNING * * *
Lupus83's ghost points at you and mumbles some strange words.
The stone arrow hits you!
You die...

#...........#.....# ,
, ,
#...........#.....# ,
#...........#.....# ,
*#...........#########
, ,
...######'##..........
,
.#.........#..........
.........#..........
.........#..........
,, *
#####...##..@h..####
** #...####W#### ,
....., ..., , , *
...... ..... , ,,
......# + * ##.....# *
####### , , , * ,


You could see a hound and lupus83's ghost.

Vanquished Creatures
  2 ogres (D:4)
  Blork the orc (D:5)
  An iguana (D:5)
  A worker ant (D:4)
  4 adders
  2 oozes (D:1)
  An adder zombie (D:5)
  An adder skeleton (D:4)
  3 worms
  A dart slug (D:2)
  2 leopard geckos (D:2)
  An orc (D:5)
  3 giant cockroaches
  5 goblins
  4 hobgoblins
  5 jackals (D:1)
  5 kobolds
  A quokka (D:2)
  2 ball pythons (D:2)
  10 bats
  3 frilled lizards
  6 rats
64 creatures vanquished.

Notes
Turn   | Place    | Note
-------+----------+-------------------------------------------
     0 | D:1      | Mitsuki the Deep Dwarf Fighter began the quest for the Orb.
     0 | D:1      | Reached XP level 1. HP: 20/20 MP: 1/1
   105 | D:1      | Reached XP level 2. HP: 27/27 MP: 2/2
   271 | D:1      | Reached XP level 3. HP: 31/34 MP: 3/3
   695 | D:2      | Reached XP level 4. HP: 19/42 MP: 4/4
   707 | D:2      | Reached skill level 4 in Shields
  1819 | D:4      | Noticed an ogre
  1827 | D:4      | Killed an ogre
  1827 | D:4      | Reached XP level 5. HP: 12/49 MP: 5/5
  2084 | D:4      | Found Itofefom's Assorted Antiques.
  2317 | D:4      | Noticed an ogre
  2332 | D:4      | Killed an ogre
  2332 | D:4      | Reached XP level 6. HP: 34/57 MP: 6/6
  2427 | D:4      | Got a heavy robe
  2438 | D:4      | Identified the +2 robe "Gudubyupo" {Int+4} (You found it on level 4 of the Dungeon)
  2718 | D:5      | Entered Level 5 of the Dungeon
  2914 | D:5      | Found a burning altar of Makhleb.
  3002 | D:5      | Noticed Blork the orc
  3044 | D:5      | Killed Blork the orc
  3044 | D:5      | Reached skill level 5 in Shields
  3162 | D:5      | Noticed lupus83's ghost (novice GrEE)
  3204 | D:5      | Killed from afar by lupus83's ghost

Vault maps used:
D:1:      minmay_arrival_stone_box
D:2:      dk_noncrumbling_3
D:4:      serial_shops, kennysheep_little_box
D:5:      first_bread, makhleb_altar_promises_db, uniq_ijyb, uniq_blork_the_orc

Skill      XL: |  1  2  3  4  5  6 |
---------------+-------------------+-----
Fighting       | 3 4 |  4.0
Shields        | 4 5 |  5.0
Armour         | 4 |  4.9
Maces & Flails | 3 |  3.9

Action                   |  1- 3 |  4- 6 || total
-------------------------+-------+-------++-------
Melee: Flail             |   115 |   177 ||   292
 Abil: Heal Wounds       |       |     1 ||     1
  Use: Scroll            |     1 |       ||     1
  Eat: Chunk             |       |     8 ||     8
Armor: Scale mail        |    51 |    13 ||    64
       Chain mail        |       |    88 ||    88
Dodge: Dodged            |    69 |    36 ||   105
Block: Shield            |    58 |    71 ||   129

Table legend:
 A = Spawn XP
 B = Non-spawn XP
 C = Spawn XP percentage of total XP
 D = Spawn monster count
 E = Non-spawn monster count
 F = Spawn count percentage of total count
 G = Total turns spent on level
                    A         B        C        D         E        F      G
               +---------+---------+-------+---------+---------+-------+---------
         Total |       0 |     573 |   0.0 |       0 |      64 |   0.0 |  3204
               +---------+---------+-------+---------+---------+-------+---------
           D:1 |       0 |      43 |   0.0 |       0 |      19 |   0.0 |   458
           D:2 |       0 |      69 |   0.0 |       0 |      24 |   0.0 |   919
           D:3 |       0 |      28 |   0.0 |       0 |      11 |   0.0 |   442
           D:4 |       0 |     290 |   0.0 |       0 |       5 |   0.0 |   899
           D:5 |       0 |     143 |   0.0 |       0 |       5 |   0.0 |   486
               +---------+---------+-------+---------+---------+-------+---------
